 Dungeon Crawl Stone Soup version 0.29.1-13-g9f3cf754e1 (webtiles) character file.

Game seed: 7951550713517489806

140 Thatpatchoflichen the Trooper (level 5, -6/57 HPs)
             Began as an Ogre Fighter on Jan 29, 2023.
             Mangled by Blork the orc
             ... wielding a +1 trident of venom
              (7 damage)
             ... on level 5 of the Dungeon.
             The game lasted 00:04:46 (2245 turns).

Thatpatchoflichen the Trooper (Ogre Fighter)        Turns: 2245, Time: 00:04:47

Health: -6/57      AC:  3    Str: 20    XL:     5   Next: 22%
Magic:  14/14      EV:  9    Int:  9    God:
Gold:   159        SH: 13    Dex: 10    Spells: 4/4 levels left

rFire   . . .      SeeInvis .   a - +0 long sword
rCold   . . .      Faith    .   c - +0 kite shield
rNeg    . . .      Spirit   .   b - +0 robe
rPois   .          Reflect  +   (helmet restricted)
rElec   .          Harm     .   (no cloak)
rCorr   .          Rampage  .   (gloves unavailable)
Will    .....                   (boots unavailable)
Stlth   +.........              f - amulet of reflection
HPRegen 0.19/turn               h - ring of magical power
MPRegen 0.14/turn               (no ring)

@: lethally poisoned (-6 -> -12)
A: large, unfitting armour, tough skin 1
a: no special abilities


You were on level 5 of the Dungeon.
You visited 1 branch of the dungeon, and saw 5 of its levels.

You collected 159 gold pieces.

Inventory:

Hand Weapons
 a - a +0 long sword (weapon)
Armour
 b - a +0 robe (worn)
 c - a +0 kite shield (worn)
Jewellery
 e - an amulet of the acrobat
 f - an amulet of reflection (around neck)
 h - a ring of magical power (left hand)
Scrolls
 g - a scroll of brand weapon {unknown}
 j - a scroll of teleportation {unknown}
 l - a scroll of fog {unknown}
 m - a scroll of identify {unknown}
 o - 2 scrolls of silence {unknown}
 q - a scroll of enchant armour {unknown}
Potions
 d - a potion of might
 k - a potion of invisibility {unknown}
 n - a potion of magic {unknown}
 p - a potion of ambrosia {unknown}


   Skills:
 + Level 5.1 Fighting
 + Level 2.8 Long Blades
 + Level 3.4 Dodging
 + Level 3.8 Shields


You had 4 spell levels left.
You didn't know any spells.
Your spell library was empty.

Dungeon Overview and Level Annotations

Branches:
Dungeon (5/15)
 Temple: D:4-7

Altars:
Makhleb
Yredelemnul

Annotations:
D:2 Sigmund
D:5 Blork the orc


Innate Abilities, Weirdness & Mutations

You are too large for most types of armour.
You have tough skin. (AC +1)


Message History

Blork the orc hits you but does no damage.
Blork the orc casts a cantrip, but nothing happens.
Blork the orc hits you but does no damage.
Blork the orc miscasts a cantrip.
Blork the orc points at you and mumbles some strange words.
The puff of frost hits you.
* * * LOW HITPOINT WARNING * * *
Blork the orc hits you but does no damage.
Your transformation is almost over.
You block Blork the orc's attack.
Blork the orc hits you but does no damage.
You are poisoned.
You cannot move.
You cannot move.
You feel very sick.
Blork the orc begins to cast a cantrip, but forgets the words!
You feel sick. You block Blork the orc's attack.
Blork the orc hits you but does no damage.
You feel sick. You block Blork the orc's attack.
You feel sick.
Blork the orc casts a cantrip, but nothing happens.
Blork the orc hits you but does no damage.
You feel sick.
Blork the orc hits you but does no damage.
You feel sick. You block Blork the orc's attack. x2
You feel sick.
Blork the orc hits you but does no damage.
You feel sick.
Blork the orc hits you from afar with a +1 trident of venom.
* * * LOW HITPOINT WARNING * * *
Blork the orc hits you but does no damage.
You are lethally poisoned!
* * * LOW HITPOINT WARNING * * *
You feel sick. You block Blork the orc's attack.
You feel less wooden.
Your +0 robe unmelds from your body.
* * * LOW HITPOINT WARNING * * *
You feel sick. Blork the orc completely misses you.
Blork the orc hits you from afar with a +1 trident of venom!
You die...

./.... ...... #
.$.. .. #...
... ..#####..
....###†?.....#
.......o#
...#...[##
...[.##.@# ...#
##?# .. #.# #
#.# #.. ##. #.
.


You could see Blork the orc (fast).

Vanquished Creatures
  2 scorpion zombies (D:4)
  3 adders
  3 dart slugs
  6 ball pythons
  4 endoplasms
  3 giant cockroaches
  3 goblins
  4 hobgoblins
  8 jackals (D:1)
  6 kobolds
  5 bats (D:1)
  3 frilled lizards
  2 rats
52 creatures vanquished.

Vanquished Creatures (others)
  A fungus (D:1)
1 creature vanquished.

Grand Total: 53 creatures vanquished

Notes
Turn   | Place    | Note
-------+----------+-------------------------------------------
     0 | D:1      | Thatpatchoflichen the Ogre Fighter began the quest for the
                  | Orb.
     0 | D:1      | Reached XP level 1. HP: 24/24 MP: 1/1
   152 | D:1      | Reached XP level 2. HP: 27/32 MP: 2/2
   497 | D:1      | Reached XP level 3. HP: 37/40 MP: 3/3
   507 | D:2      | Noticed Sigmund
   904 | D:1      | Found a faded altar of an unknown god.
  1307 | D:3      | Reached XP level 4. HP: 49/49 MP: 4/4
  1771 | D:4      | Found a burning altar of Makhleb.
  1986 | D:4      | Reached skill level 5 in Fighting
  1986 | D:4      | Reached XP level 5. HP: 47/57 MP: 5/5
  1988 | D:4      | Found a basalt altar of Yredelemnul.
  2120 | D:4      | Noticed an ogre
  2142 | D:5      | Entered Level 5 of the Dungeon
  2170 | D:5      | HP: 1/57 [adder (2)]
  2220 | D:5      | Noticed Blork the orc
  2244 | D:5      | HP: 4/85 [poisoned by Blork the orc]
  2245 | D:5      | HP: 1/57 [poisoned by Blork the orc]
  2245 | D:5      | Mangled by Blork the orc

Illustrated notes

Levels and vault maps discovered:
D:1:      spicycebolla_arrival_clurvy, layout_rooms,
          shapermc_ecumenical_altar_acropolis, minmay_crystal_water
D:2:      layout_loops_cross, serial_shops, shop_statue, minmay_pentomino_z4,
          uniq_sigmund
D:3:      cheibrodos_old_hovel, layout_loops_ring
D:4:      minmay_skewed_foursquare, layout_basic,
          lemuel_zombie_altar_yredelemnul, bloody_makhleb, grunt_decor_cap,
          serial_bayou_pond_e
D:5:      layout_rooms, uniq_blork_the_orc

Skill      XL: |  1  2  3  4 |
---------------+-------------+-----
Long Blades    | 2 |  2.8
Dodging        | 3 |  3.4
Fighting       | 5 |  5.1
Shields        | |  3.8

Action                   |  1- 3 |  4- 6 || total
-------------------------+-------+-------++-------
Melee: Long sword        |   116 |    80 ||   196
  Use: Potion            |       |     2 ||     2
Armor: Robe              |    47 |    13 ||    60
       Skin              |       |    10 ||    10
Dodge: Dodged            |    47 |    18 ||    65
Block: Kite shield       |   111 |    80 ||   191
       Reflection        |     2 |       ||     2
